 Dungeon Crawl Stone Soup version 0.31.0-11-ge490571c62 (webtiles) character file.

Game seed: 18071484765292004266

195 qw the Skirmisher (level 5, -1/29 HPs)
             Began as a Deep Elf Hunter on Feb 3, 2024.
             Incinerated by a bombardier beetle (3 damage)
             ... with a burning spray
             ... on level 3 of the Dungeon.
             The game lasted 00:00:33 (2419 turns).

qw the Skirmisher (Deep Elf Hunter)                 Turns: 2419, Time: 00:00:33

Health: -1/29      AC:  6    Str: 10    XL:     5   Next: 45%
Magic:  7/7        EV: 12    Int: 14    God:
Gold:   188        SH:  0    Dex: 18    Spells: 4/4 levels left

rFire   . . .        a - +1 shortbow
rCold   . . .        (shield currently unavailable)
rNeg    . . .        c - +0 leather armour
rPois   .            i - +2 helmet
rElec   .            (no cloak)
rCorr   .            (no gloves)
SInv    .            (no boots)
Will    .....        (no amulet)
Stlth   +            (no ring)
HPRegen 0.24/turn    (no ring)
MPRegen 0.10/turn

%: no passive effects
@: on fire, glowing
A: no striking features
a: no special abilities


You were on level 3 of the Dungeon.
You visited 1 branch of the dungeon, and saw 3 of its levels.

You collected 188 gold pieces.


   Skills:
 - Level 1.5 Fighting
 - Level 9.0 Ranged Weapons
 + Level 2.4 Dodging
 - Level 1.2 Stealth


You had 4 spell levels left.
You didn't know any spells.
Your spell library was empty.

Inventory:

Hand Weapons
 a - a +1 shortbow (weapon)
Armour
 c - a +0 leather armour (worn)
 i - a +2 helmet (worn)
Scrolls
 b - 2 scrolls of fog {unknown}
Potions
 d - a potion of cancellation
 e - 2 potions of might
 g - 2 potions of curing
 h - a potion of mutation
 j - a potion of enlightenment {unknown}

Dungeon Overview and Level Annotations

Branches:
Dungeon (3/15)

Altars:
Hepliaklqana

Annotations:
D:2 1 runed translucent door, Crazy Yiuf


Message History

Found a hazy altar of Hepliaklqana.
There is an open door here.
There is a hazy altar of Hepliaklqana here.
There is an open door here.
b - 2 scrolls labelled FEEDUN CIN AVA (gained 1)
A bombardier beetle comes into view.
Enter note:
Enter note: You shoot an arrow.
The arrow hits the bombardier beetle but does no damage.
You shoot an arrow.
The arrow barely misses the bombardier beetle.
You shoot an arrow.
The arrow hits the bombardier beetle but does no damage.
The bombardier beetle sprays incendiary fluid at you.
The burning spray hits you.
You are covered in liquid fire!
You shoot an arrow. The arrow hits the bombardier beetle.
The bombardier beetle is moderately wounded.
The liquid fire burns you!
You shoot an arrow. The arrow hits the bombardier beetle!
The bombardier beetle is almost dead.
The liquid fire burns you!
You shoot an arrow. The arrow hits the bombardier beetle!
You kill the bombardier beetle!
The liquid fire burns you!
Your Ranged Weapons skill increases to level 9!
You are on fire!
The liquid fire burns you!
You are on fire!
The liquid fire burns you!
You are on fire!
The liquid fire burns you!
You are on fire!
The liquid fire burns you!
You are on fire!
The liquid fire burns you!
You are on fire!
The liquid fire burns you!
You die...

#. #.# #. #.# #. #..#
#.# #. #..# #.# #. #..#
#.# #% ###..# #.#
##.######.#..# #.#
###..@.....#...# #.###
............###..###....
...##..###.## ##........
. ..... ##.###..######.
..###.#####.#.#.# #. #
#...........### ##.
..............###..
#######.#####...... #.#
#####..


There were no monsters in sight!

Vanquished Creatures
  A black bear (D:3)
  A bombardier beetle (D:3)
  2 adders (D:2)
  A ribbon worm (D:2)
  7 orcs
  2 ball pythons
  6 endoplasms (D:1)
  3 giant cockroaches
  A goblin (D:1)
  2 hobgoblins
  8 bats
  6 frilled lizards
  5 kobolds
  5 rats
50 creatures vanquished.

Notes
Turn   | Place    | Note
-------+----------+-------------------------------------------
     0 | D:1      | qw the Deep Elf Hunter began the quest for the Orb.
     0 | D:1      | Reached XP level 1. HP: 12/12 MP: 3/3
     0 | D:1      | 0 ||| qw: Version: 0.3-a-155-g5e7d8dd
     0 | D:1      | 0 ||| qw: Game counter: 3267
     0 | D:1      | 0 ||| qw: Melee chars always use a shield: true
     0 | D:1      | 0 ||| qw: God list: Okawaru
     0 | D:1      | 0 ||| qw: Allow faded altars: false
     0 | D:1      | 0 ||| qw: Do Orc after clearing Dungeon:15 true
     0 | D:1      | 0 ||| qw: Do second Lair branch before Depths: true
     0 | D:1      | 0 ||| qw: Lair rune preference: random
     0 | D:1      | 0 ||| qw: Goals: Normal
     0 | D:1      | 0 ||| PLANNING D:1-11
   147 | D:1      | Reached skill level 6 in Ranged Weapons
   147 | D:1      | Reached XP level 2. HP: 16/16 MP: 4/4
   885 | D:1      | 885 ||| READING scroll labelled MUFUIPPYUCW.
   886 | D:1      | 886 ||| READING 2 scrolls labelled RIR AD HORGH.
   886 | D:1      | 886 ||| IDENTIFYING ruby potion
   887 | D:1      | 887 ||| READING scroll of identify.
   887 | D:1      | 887 ||| IDENTIFYING cyan potion
   888 | D:1      | 888 ||| READING scroll labelled VEPITWAQYU.
   889 | D:1      | 889 ||| READING 3 scrolls labelled CECEOWK WIUSMAP.
   890 | D:1      | 890 ||| DROPPING scroll of butterflies.
   891 | D:1      | 891 ||| DROPPING 2 scrolls of blinking.
  1052 | D:2      | Reached XP level 3. HP: 20/20 MP: 5/5
  1340 | D:2      | Found a runed translucent door.
  1341 | D:2      | Noticed Crazy Yiuf
  1548 | D:2      | Reached skill level 7 in Ranged Weapons
  1894 | D:2      | 1894 ||| UPGRADING to +0 helmet.
  1899 | D:2      | 1899 ||| READING 2 scrolls of identify.
  1899 | D:2      | 1899 ||| IDENTIFYING glowing yellow potion
  1900 | D:2      | 1900 ||| READING scroll of identify.
  1900 | D:2      | 1900 ||| IDENTIFYING clear potion
  1901 | D:2      | 1901 ||| READING scroll labelled LUGEDW UPIOPNA.
  1901 | D:2      | 1901 ||| ENCHANTING +0 helmet.
  1902 | D:2      | 1902 ||| READING scroll labelled HIRURCH CANEERA.
  1921 | D:2      | 1921 ||| READING scroll labelled ZAZXEKL CACRA.
  1921 | D:2      | 1921 ||| ENCHANTING +0 shortbow.
  1940 | D:3      | 1940 ||| STAIRDANCE
  1948 | D:3      | 1948 ||| STAIRDANCE
  1955 | D:3      | 1955 ||| STAIRDANCE
  1963 | D:3      | 1963 ||| STAIRDANCE
  1984 | D:3      | Noticed a black bear
  1994 | D:3      | Killed a black bear
  1995 | D:3      | Reached skill level 8 in Ranged Weapons
  1995 | D:3      | Reached XP level 4. HP: 8/25 MP: 6/6
  1995 | D:3      | Reached XP level 5. HP: 9/29 MP: 7/7
  2328 | D:3      | 2328 ||| READING scroll of enchant armour.
  2328 | D:3      | 2328 ||| ENCHANTING +1 helmet.
  2343 | D:3      | Found a hazy altar of Hepliaklqana.
  2414 | D:3      | Reached skill level 9 in Ranged Weapons
  2416 | D:3      | HP: 6/29 [burnt (5)]
  2418 | D:3      | HP: 1/29 [burnt (2)]
  2419 | D:3      | Incinerated by a bombardier beetle

Levels and vault maps discovered:
D:1:      minmay_arrival_radiant_lines, layout_basic, serial_co_window_serial,
          co_window_paths_a, co_window_paths_b, co_window_paths_a,
          co_window_corner_a, co_window_paths_a, co_window_corner_ca,
          co_window_corner_ca, co_window_corner_b, co_window_broadway_b,
          co_window_corner_ca, co_window_paths_e, glass_columns_a
D:2:      layout_basic, uniq_crazy_yiuf_cottage
D:3:      layout_loops_ring, worldfamousw_hep_ancestral_shrine, kennysheep_donut

Skill      XL: |  1  2  3  4  5 |
---------------+----------------+-----
Ranged Weapons | 6 8 9 |  9.0
Fighting       | |  1.5
Dodging        | |  2.4
Stealth        | |  1.2

Action                     |  1- 3 |  4- 6 || total
---------------------------+-------+-------++-------
   Fire: Shortbow          |   105 |    32 ||   137
    Use: Scroll            |    10 |     1 ||    11
 Armour: Leather armour    |    25 |     3 ||    28
  Dodge: Dodged            |    21 |     5 ||    26

Table legend:
 A = Non-vault XP
 B = Vault XP
 C = Vault XP percentage of total XP
 D = Non-vault monster count
 E = Vault monster count
 F = Vault count percentage of total count
                 A         B        C        D         E       F
            +---------+---------+-------+---------+---------+-------
      Total |     279 |       0 |   0.0 |      50 |       0 |   0.0
            +---------+---------+-------+---------+---------+-------
        D:1 |      33 |       0 |   0.0 |      21 |       0 |   0.0
        D:2 |      56 |       0 |   0.0 |      17 |       0 |   0.0
        D:3 |     190 |       0 |   0.0 |      12 |       0 |   0.0
            +---------+---------+-------+---------+---------+-------
